[Event "44th Chess Olympiad Open 2022"]
[Site "Chennai"]
[Date "2022.08.09"]
[Round "11.82"]
[White "Kibrom Weldegebriel Beraki"]
[Black "Volpinari, Danilo"]
[Result "1/2-1/2"]
[ECO "D15"]
[WhiteElo "1793"]
[BlackElo "1955"]
[Annotator "TA"]
[PlyCount "112"]
[EventDate "2022.07.29"]
[EventType "team-tourn"]
[EventCountry "IND"]
[SourceTitle "playchess.com"]
[Source "ChessBase"]
[SourceQuality "1"]
[WhiteTeam "Eritrea"]
[BlackTeam "San Marino"]
[WhiteTeamCountry "ERI"]
[BlackTeamCountry "SMR"]
[TimeControl "40/5400+30:1800+30"]

1. d4 d5 2. c4 c6 3. Nc3 Nf6 4. Nf3 dxc4 5. e4 Bg4 6. Bxc4 e6 {[%emt 0:02:22] D15: Slav Defence: 4 Nc3 a6 and gambit lines after 4 Nc3 dxc4.} 7. Be3 Bb4 8. Bd3 (8. Qb3 $14 {feels stronger.} Bxc3+ 9. bxc3) 8... Nbd7 9. O-O O-O 10. a3 Be7 11. e5 Nd5 {[%emt 0:04:44] [#]} 12. Nxd5 $146 ({Predecessor:} 12. Qc2 h6 13. Nd2 c5 14. Nxd5 cxd4 15. Nxe7+ Qxe7 16. Bxd4 {1-0 (17) Rakay,K (1998)-Mikus,T (1917) Slovakia 2014}) 12... cxd5 13. Be2 Bf5 14. Bd3 Bxd3 15. Qxd3 Nb6 16. Bd2 Nc4 17. b3 Nxd2 18. Qxd2 Qb6 19. Qb2 Rfc8 20. Rfc1 Rc6 21. Rxc6 bxc6 22. Qc2 (22. Rc1 $11 {keeps the balance.}) 22... Rb8 ({Black should play} 22... Rc8 $17) 23. b4 $11 Qa6 {[%emt 0:11:10] White must now prevent ...Rxb4.} 24. Qc3 Qa4 25. h3 g6 (25... a5 $5) 26. Rc1 Rb6 27. Ne1 Bg5 28. Ra1 a5 29. bxa5 Ra6 30. Nd3 {[%emt 0:01:44] [#] Hoping for Nc5.} Qxa5 31. Qxa5 Rxa5 {[%emt 0:00:01][%mdl 4096] Endgame KRB-KRN} 32. a4 Bd2 33. Ra3 {[%emt 0:00:21] Prevents Bc3.} f6 (33... Kf8 $11) 34. exf6 $14 {[%emt 0:02:06] Strongly threatening Ne5.} Kf7 35. Kf1 Bh6 36. Ne5+ Kxf6 37. Nxc6 Ra6 38. Nb4 {[%emt 0:00:22] White is more active.} Ra8 39. Ke2 (39. Nd3 $16) 39... Bf8 $11 {[%emt 0:00:12] The position is equal.} 40. Rf3+ Kg7 41. Nc6 Rxa4 42. Nd8 Ra2+ 43. Kd1 Ra6 44. g4 Rd6 45. Nf7 ({Don't go for} 45. Rf7+ $2 Kg8 46. Rxf8+ Kxf8 $19) 45... Ra6 46. Ne5 Ra4 47. Rd3 Bd6 48. Nf3 Ra2 49. Ke1 h6 50. h4 Ra1+ 51. Ke2 Bf4 52. Rb3 Kf6 53. Rb6 Ra2+ 54. Kf1 Ra4 55. Ke2 Ra3 56. Rb7 Ra2+ {[%emt 0:00:38] Weighted Error Value: White=0.10 (very precise) /Black=0.08 (flawless)} 1/2-1/2

[Event "44th Chess Olympiad Open 2022"]
[Site "Chennai"]
[Date "2022.08.09"]
[Round "11.82"]
[White "Samuel Merhawi Gebrehiwet"]
[Black "Righi, Ezio"]
[Result "1/2-1/2"]
[ECO "D30"]
[WhiteElo "1616"]
[BlackElo "1912"]
[Annotator "TA"]
[PlyCount "85"]
[EventDate "2022.07.29"]
[EventType "team-tourn"]
[EventCountry "IND"]
[SourceTitle "playchess.com"]
[Source "ChessBase"]
[SourceQuality "1"]
[WhiteTeam "Eritrea"]
[BlackTeam "San Marino"]
[WhiteTeamCountry "ERI"]
[BlackTeamCountry "SMR"]
[TimeControl "40/5400+30:1800+30"]

1. d4 d5 2. c4 e6 3. Nf3 c6 4. b3 Nf6 5. e3 Nbd7 6. Bd3 Bd6 7. O-O O-O 8. Nbd2 Re8 9. Bb2 e5 {[%emt 0:01:50] aiming for ...e4. D30: Queen's Gambit Declined: Systems without Nc3.} 10. dxe5 Nxe5 11. Nxe5 Bxe5 12. Bxe5 Rxe5 13. Qc2 h6 {[%emt 0:01:27] [#]} 14. Rad1 $146 ({Predecessor:} 14. Nf3 Re8 {½-½ (14) Bestard Borras,M (2184)-Gelabert Mari,L (2162) Palma de Mallorca 2012}) 14... Re8 15. h3 Be6 16. Nf3 Qe7 17. Nd4 dxc4 18. bxc4 c5 19. Nb5 Red8 20. e4 Bd7 (20... Nh5 $11) 21. Nc3 $14 Bc6 22. Nd5 Bxd5 23. cxd5 a6 24. a4 Rab8 ({Black should play} 24... b5 $1 $11) 25. f4 (25. a5 $14) 25... b5 $11 {[%emt 0:00:37] Hoping for ...c4.} 26. d6 Qa7 ({Don't play} 26... Rxd6 27. e5 Rxd3 28. Qxd3 $16) (26... Qxd6 $11 27. Bxb5 Qe7 28. Bxa6 Nxe4) 27. Qf2 $36 {[%emt 0:01:01][%mdl 2048] Keeping Black busy.} Qb6 28. e5 Nd7 29. axb5 {[%emt 0:01:59] White is much more active.} axb5 30. Bb1 c4 31. Rd4 $1 Rbc8 32. Kh1 $1 c3 {[%emt 0:02:45] [#]} (32... Rc5 $16) 33. Qc2 $1 $18 {[%emt 0:00:57] White threatens Qh7+ and mate.} Nf8 {[%emt 0:00:43] [#] Inhibits Qh7+.} 34. Qe4 {[%emt 0:01:10] [#]} (34. Re4 $1 $18) 34... c2 $1 $17 35. Bxc2 {[%emt 0:02:34] [#]} Rxc2 $1 36. f5 {[%emt 0:00:07] Against Ne6} Qc6 (36... Rc6 $15 37. Re1 Re8) 37. e6 Qxe4 ({Resist} 37... Rxd6 38. e7 Rxd4 39. Qxc6 Rxc6 40. e8=Q $16) 38. Rxe4 fxe6 (38... Rxd6 $2 39. e7 Rc8 40. e8=Q Rxe8 41. Rxe8 $18) 39. fxe6 {[%emt 0:00:30] Black must now prevent e7. The position is equal.} Nxe6 40. Rxe6 $11 {[%emt 0:00:10] KRR-KRR} Rd2 41. Rf5 R2xd6 42. Rxd6 Rxd6 43. Rxb5 {[%emt 0:00:03] Weighted Error Value: White=0.21 (precise) /Black=0.19 (very precise)} 1/2-1/2

[Event "44th Chess Olympiad Open 2022"]
[Site "Chennai"]
[Date "2022.08.09"]
[Round "11.82"]
[White "Herrera, Adrian"]
[Black "Asante Debesai Zerabruk"]
[Result "0-1"]
[ECO "C41"]
[WhiteElo "1563"]
[BlackElo "1785"]
[Annotator "NA RC COMBH"]
[PlyCount "65"]
[EventDate "2022.07.29"]
[EventType "team-tourn"]
[EventCountry "IND"]
[SourceTitle "playchess.com"]
[Source "ChessBase"]
[SourceQuality "1"]
[WhiteTeam "San Marino"]
[BlackTeam "Eritrea"]
[WhiteTeamCountry "SMR"]
[BlackTeamCountry "ERI"]
[TimeControl "40/5400+30:1800+30"]

1. e4 d6 2. d4 Nf6 3. Nc3 Nbd7 4. Nf3 e5 5. dxe5 dxe5 6. Bc4 Be7 7. h3 c6 8. a4 a5 9. O-O h6 10. Be3 Qc7 11. Qe2 g5 12. Bxg5 hxg5 13. Nxg5 Rf8 14. Qf3 Nc5 15. Rad1 Be6 16. Bxe6 Nxe6 17. Nxe6 fxe6 18. Rd3 Bd6 19. Rfd1 O-O-O 20. Qe3 Kb8 21. Ne2 Be7 22. g4 Rxd3 23. Rxd3 Rg8 24. Qf3 Bd8 25. Ng3 Qg7 26. Rd6 Qe7 27. Qd1 Bb6 28. c3 Nd5 29. Rxd5 cxd5 30. exd5 Qc5 31. Qe1 Qxd5 32. Ne4 Rf8 33. Kg2 0-1

[Event "44th Chess Olympiad Open 2022"]
[Site "Chennai"]
[Date "2022.08.09"]
[Round "11.83"]
[White "Mohamed Ali Dima"]
[Black "Faulks, Nick"]
[Result "0-1"]
[ECO "B40"]
[WhiteElo "1582"]
[BlackElo "1820"]
[Annotator "NA RC COMBH"]
[PlyCount "100"]
[EventDate "2022.07.29"]
[EventType "team-tourn"]
[EventCountry "IND"]
[SourceTitle "playchess.com"]
[Source "ChessBase"]
[SourceQuality "1"]
[WhiteTeam "Djibouti"]
[BlackTeam "Bermuda"]
[WhiteTeamCountry "DJI"]
[BlackTeamCountry "BER"]
[TimeControl "40/5400+30:1800+30"]

1. e4 c5 2. Nf3 e6 3. c3 d5 4. exd5 Qxd5 5. Bb5+ Bd7 6. Bxd7+ Qxd7 7. O-O Nc6 8. d4 cxd4 9. cxd4 Nf6 10. Nc3 Be7 11. Ne5 Qxd4 12. Nxc6 Qxd1 13. Rxd1 bxc6 14. Bf4 Nd5 15. Be5 O-O 16. Rac1 Bg5 17. Nxd5 cxd5 18. f4 Bd8 19. Rc6 Bb6+ 20. Kf1 Rfc8 21. Rdc1 Rxc6 22. Rxc6 f6 23. Bc3 Kf7 24. a4 Re8 25. a5 Be3 26. g3 Kg6 27. Ke2 d4 28. Be1 e5 29. fxe5 Rxe5 30. Kd3 Bg1 31. Bd2 Re7 32. b4 Bxh2 33. Bf4 h5 34. Rc7 Re1 35. Rxa7 h4 36. b5 Bxg3 37. Bd2 Rb1 38. Ra8 Rxb5 39. a6 Rb8 40. Rxb8 Bxb8 41. Kxd4 Kf5 42. Ke3 g5 43. Kf3 g4+ 44. Kf2 Ke4 45. Bb4 Ba7+ 46. Kg2 f5 47. Be1 g3 48. Kh3 Kf3 49. Kxh4 g2 50. Bf2 Kxf2 0-1

[Event "44th Chess Olympiad Open 2022"]
[Site "Chennai"]
[Date "2022.08.09"]
[Round "11.83"]
[White "Ismael Mohamed Goumaneh"]
[Black "Gontcharov, Dimitri"]
[Result "1-0"]
[ECO "B43"]
[WhiteElo "1473"]
[BlackElo "1448"]
[Annotator "NA RC COMBH"]
[PlyCount "67"]
[EventDate "2022.07.29"]
[EventType "team-tourn"]
[EventCountry "IND"]
[SourceTitle "playchess.com"]
[Source "ChessBase"]
[SourceQuality "1"]
[WhiteTeam "Djibouti"]
[BlackTeam "Bermuda"]
[WhiteTeamCountry "DJI"]
[BlackTeamCountry "BER"]
[TimeControl "40/5400+30:1800+30"]

1. e4 c5 2. Nf3 e6 3. d4 cxd4 4. Nxd4 a6 5. a3 Nf6 6. Nc3 Qc7 7. Be3 Be7 8. f3 d6 9. Qd2 Nbd7 10. O-O-O O-O 11. g4 Ne5 12. g5 Nfd7 13. f4 Ng6 14. f5 exf5 15. Nxf5 Nde5 16. Nd5 Qd8 17. h4 Nc6 18. Bb6 Qe8 19. Nc7 Qd7 20. Bh3 Qd8 21. Nxa8 Qe8 22. Nc7 Qd8 23. Nd5 Qe8 24. h5 Nge5 25. Ndxe7+ Nxe7 26. Nxd6 Qc6 27. Qb4 Bxh3 28. Rxh3 Nc8 29. Nxc8 Qxc8 30. Qc3 Qe6 31. Bd4 Nc6 32. Bxg7 Rc8 33. Kb1 Qxe4 34. Bh6 1-0

[Event "44th Chess Olympiad Open 2022"]
[Site "Chennai"]
[Date "2022.08.10"]
[Round "11.85"]
[White "Muheto, Dieudonne"]
[Black "Depaune, Ricko"]
[Result "1-0"]
[ECO "A10"]
[WhiteElo "1830"]
[BlackElo "1726"]
[Annotator "NA"]
[PlyCount "115"]
[EventDate "2022.07.29"]
[EventType "team-tourn"]
[EventCountry "IND"]
[SourceTitle "playchess.com"]
[Source "ChessBase"]
[SourceQuality "1"]
[WhiteTeam "BDI"]
[BlackTeam "NRU"]
[TimeControl "40/5400+30:1800+30"]

1. c4 d5 2. cxd5 Qxd5 3. Nc3 Qd8 4. Nf3 g6 5. g3 Bg7 6. d4 e6 7. Bg2 Nf6 8. O-O O-O 9. Bf4 Nd5 10. Bg5 f6 11. Bd2 c6 12. e4 Nb6 13. b3 Na6 14. h4 Bd7 15. h5 Be8 16. Bh3 Qe7 17. h6 Bh8 18. e5 fxe5 19. dxe5 Bf7 20. Ne4 Rfd8 21. Qe1 Rd5 22. Bg5 Qc7 23. Bf6 Rxe5 24. Bxe5 Bxe5 25. Neg5 Nd7 26. Nxf7 Kxf7 27. Ng5+ Ke7 28. Nxe6 Qb6 29. Ng5 Re8 30. Rd1 Nab8 31. Qe2 Kd8 32. Bxd7 Nxd7 33. Nf7+ Kc7 34. Rxd7+ Kxd7 35. Nxe5+ Kc7 36. Rd1 Qc5 37. Re1 Re6 38. Qe4 Qf8 39. Qg4 Qe7 40. Qf4 g5 41. Qe4 Rxh6 42. Ng4 Qxe4 43. Rxe4 Rd6 44. Re7+ Kb6 45. Ne5 Rd5 46. Nc4+ Ka6 47. Re5 Kb5 48. f4 gxf4 49. gxf4 Kc5 50. Kf2 b5 51. Ne3 Rxe5 52. fxe5 a5 53. Kf3 Kb6 54. Ke4 Kc7 55. a4 h5 56. Kf5 h4 57. Kf6 h3 58. Ng4 1-0

[Event "44th Chess Olympiad Open 2022"]
[Site "Chennai"]
[Date "2022.08.10"]
[Round "11.86"]
[White "Enemchukwu Chinedu Benjamin"]
[Black "Koumba, Mounguen Jose Evrard"]
[Result "1/2-1/2"]
[ECO "B21"]
[WhiteElo "1889"]
[BlackElo "1942"]
[Annotator "ChessBase"]
[PlyCount "112"]
[EventDate "2022.07.29"]
[EventType "team-tourn"]
[EventCountry "IND"]
[SourceTitle "playchess.com"]
[Source "ChessBase"]
[SourceQuality "1"]
[WhiteTeam "VIN"]
[BlackTeam "Gabun"]
[BlackTeamCountry "GAB"]
[TimeControl "40/5400+30:1800+30"]

1. e4 c5 2. d4 cxd4 3. c3 dxc3 4. Nxc3 Nc6 5. Nf3 e6 6. Bf4 Bb4 7. Bd3 a6 8. O-O Nge7 9. a3 Ng6 10. Bg3 Be7 11. Qe2 O-O 12. Rfd1 f6 13. Rac1 Nce5 14. Nxe5 Nxe5 15. Bb1 b5 16. Ba2 Qb6 17. Kh1 Kh8 18. f4 Nc6 19. Nd5 Qd8 20. Nxe7 Qxe7 21. Bf2 Rg8 22. Bc5 Qf7 23. b4 Bb7 24. Rc3 Rae8 25. Rcd3 Nb8 26. Ba7 Bc6 27. Rd6 f5 28. exf5 Qxf5 29. Qd2 Rgf8 30. Rf1 e5 31. Bb1 Qg4 32. f5 Rf6 33. Rxf6 gxf6 34. Kg1 Rg8 35. g3 d5 36. Rc1 Ba8 37. Rc7 Qh3 38. Bxb8 Rxb8 39. Qc2 Rg8 40. Rc8 Qg4 41. Rxg8+ Qxg8 42. Qc7 Qe8 43. Qd6 Kg7 44. Qc7+ Qf7 45. Qd6 Qb7 46. Bd3 d4 47. Kf2 e4 48. Be2 e3+ 49. Ke1 Qh1+ 50. Bf1 Bd5 51. Qd7+ Bf7 52. Qxd4 Qf3 53. Qf4 Qd5 54. Qxe3 Qxf5 55. Bd3 Qh3 56. Qe2 Qc8 1/2-1/2

[Event "44th Chess Olympiad Open 2022"]
[Site "Chennai"]
[Date "2022.08.10"]
[Round "11.86"]
[White "Bongo Akanga Ndjila, Barthelemy"]
[Black "Escalante Ramirez, Brian Sebasti"]
[Result "1-0"]
[ECO "D45"]
[WhiteElo "1803"]
[BlackElo "2496"]
[Annotator "ChessBase"]
[PlyCount "85"]
[EventDate "2022.07.29"]
[EventType "team-tourn"]
[EventCountry "IND"]
[SourceTitle "playchess.com"]
[Source "ChessBase"]
[SourceQuality "1"]
[WhiteTeam "Gabun"]
[BlackTeam "Peru"]
[WhiteTeamCountry "GAB"]
[BlackTeamCountry "PER"]
[TimeControl "40/5400+30:1800+30"]

1. d4 d5 2. c4 e6 3. Nc3 Nf6 4. Nf3 c6 5. e3 Nbd7 6. Qc2 Be7 7. b3 O-O 8. Bd3 Re8 9. e4 dxe4 10. Nxe4 Nxe4 11. Bxe4 Nf6 12. Bd3 c5 13. dxc5 Qa5+ 14. Bd2 Qxc5 15. O-O b6 16. Be3 Qc7 17. Bg5 h6 18. Bh4 Bb7 19. Bg3 Bd6 20. Bxd6 Qxd6 21. Rfd1 Qc7 22. Qe2 e5 23. Bc2 e4 24. Nd4 Qe5 25. Nb5 Re6 26. Nd4 Re7 27. Rd2 Rd8 28. Rad1 Red7 29. Nb5 a6 30. Rxd7 Rxd7 31. Rxd7 Nxd7 32. Qd2 axb5 33. Qxd7 bxc4 34. bxc4 Qc3 35. Qe8+ Kh7 36. Bxe4+ g6 37. Qxf7+ Kh8 38. Qe8+ Kg7 39. Qxg6+ Kf8 40. Qxh6+ Ke7 41. Qg5+ Kf8 42. Qd8+ Kg7 43. Qc7+ 1-0

[Event "44th Chess Olympiad Open 2022"]
[Site "Chennai"]
[Date "2022.08.10"]
[Round "11.87"]
[White "Morgan, Jamie"]
[Black "Thomas, Larry"]
[Result "0-1"]
[ECO "B12"]
[WhiteElo "1753"]
[BlackElo "1317"]
[Annotator "NA"]
[PlyCount "146"]
[EventDate "2022.07.29"]
[EventType "team-tourn"]
[EventCountry "IND"]
[SourceTitle "playchess.com"]
[Source "ChessBase"]
[SourceQuality "1"]
[WhiteTeam "Channel Islands"]
[BlackTeam "DMA"]
[WhiteTeamCountry "GCI"]
[TimeControl "40/5400+30:1800+30"]

1. e4 c6 2. d4 d5 3. e5 Bf5 4. Nf3 h6 5. Bd3 Bxd3 6. Qxd3 e6 7. O-O Ne7 8. c3 a5 9. a4 Nd7 10. b3 Qb6 11. Ba3 Ng6 12. Bxf8 Ndxf8 13. Nbd2 Nd7 14. b4 axb4 15. cxb4 O-O 16. Rfb1 Qd8 17. a5 Ne7 18. Nb3 Nb8 19. Nc5 Qc7 20. Na4 Nc8 21. Nd2 Rd8 22. Nb3 Nd7 23. Rc1 b5 24. Nac5 Na7 25. h3 Nb8 26. f4 Qe7 27. f5 exf5 28. Qxf5 Nd7 29. Rf1 Nxc5 30. Nxc5 Rac8 31. Rae1 Rf8 32. Nd7 g6 33. Nf6+ Kg7 34. Qb1 h5 35. Re3 Rh8 36. Qe1 Qe6 37. Qc3 Qe7 38. Qe1 Qe6 39. Qh4 Rc7 40. Rc1 Qe7 41. Rc5 Qe6 42. Rec3 Rcc8 43. Qg5 Rcf8 44. Rg3 h4 45. Rg4 Rh6 46. Rxh4 Rxh4 47. Qxh4 Rh8 48. Qg4 Qxg4 49. Nxg4 Rh5 50. Ne3 Rh4 51. Nxd5 Rxd4 52. Ne7 Rc4 53. Rxc4 bxc4 54. Kf2 Kf8 55. Nxc6 Nxc6 56. a6 Na7 57. Ke3 Nb5 58. h4 Ke7 59. g4 Ke6 60. Ke4 c3 61. Kd3 Kxe5 62. h5 gxh5 63. gxh5 Kf5 64. a7 Nxa7 65. Kxc3 Kg5 66. Kd4 Nc6+ 67. Kc5 Nxb4 68. Kxb4 Kxh5 69. Kc3 Kg4 70. Kd2 Kf3 71. Ke1 f5 72. Kf1 f4 73. Kg1 Ke2 0-1